 Dungeon Crawl Stone Soup version 0.29-a0-344-ge2f44be95a (webtiles) character file.

Game seed: 18053645239888864863

58 thiscave3701365 the Shield-Bearer (level 4, 0/37 HPs)
             Began as a Formicid Fighter on Apr 21, 2022.
             Succumbed to an adder's poison
             ... on level 3 of the Dungeon.
             The game lasted 00:00:59 (1461 turns).

thiscave3701365 the Shield-Bearer (FoFi)            Turns: 1461, Time: 00:01:00

Health: 0/37       AC:  7    Str: 22    XL:     4   Next: 20%
Magic:  4/4        EV:  9    Int:  8    God:
Gold:   83         SH:  4    Dex: 10    Spells: 3/3 levels left

rFire   . . .      SeeInvis +   a - +0 war axe
rCold   . . .      Faith    .   c - +0 buckler
rNeg    . . .      Spirit   .   b - +0 scale mail
rPois   .          Reflect  .   (helmet unavailable)
rElec   .          Harm     .   (no cloak)
rCorr   .          Rampage  .   (no gloves)
Will    .....                   (no boots)
Stlth   ..........              (no amulet)
HPRegen 0.12/turn               (no ring)
MPRegen 0.09/turn               (no ring)

@: lethally poisoned (0 -> -4)
A: permanent stasis, dig shafts and tunnels, antennae 3, four strong arms
a: Dig, Shaft Self


You were on level 3 of the Dungeon.
You visited 1 branch of the dungeon, and saw 3 of its levels.

You collected 83 gold pieces.

Inventory:

Hand Weapons
 a - a +0 war axe (weapon)
Armour
 b - a +0 scale mail (worn)
 c - a +0 buckler (worn)
Jewellery
 m - a ring of fire
Scrolls
 e - a scroll of vulnerability {unknown}
 k - a scroll of torment {unknown}
Potions
 d - a potion of might
 f - 2 potions of heal wounds {unknown}
 g - 2 potions of curing {unknown}
 h - a potion of lignification {unknown}
 i - a potion of ambrosia {unknown}
 j - 2 potions of attraction {unknown}
 l - a potion of invisibility {unknown}


   Skills:
 + Level 3.8 Fighting
 + Level 3.0 Axes
 + Level 3.8 Armour
 + Level 0.3 Dodging
 + Level 3.9 Shields


You had 3 spell levels left.
You didn't know any spells.
Your spell library contained the following spells:

 Spells                   Type           Power      Damage    Failure   Level
 Conjure Flame            Conj/Fire      0%         6-21      99%         3
 Ignite Poison            Fire/Tmut/Pois 0%         N/A       99%         3
 Sticky Flame             Conj/Fire      0%         2d3       100%        4


Dungeon Overview and Level Annotations

Branches:
Dungeon (3/15)

Altars:

Shops:
D:1 *

Annotations:
D:3 Ijyb


Innate Abilities, Weirdness & Mutations

You cannot be hasted, slowed, berserked, paralysed or teleported.
You can dig through walls and to a lower floor.
You have a pair of large antennae on your head. (SInv)
Your four strong arms can wield two-handed weapons with a shield.


Message History

The adder bites you.
* * * LOW HITPOINT WARNING * * *
You block the adder's attack. Ijyb hits you with a +3 club.
* * * LOW HITPOINT WARNING * * *
You barely miss Ijyb.
Ijyb is heavily wounded.
You miss the bat. You barely miss the adder. You miss the adder.
The bat misses you. The bat hits you but does no damage.
The adder bites you but does no damage. x2; Ijyb barely misses you.
The adder barely misses you. The adder bites you but does no damage.
Unknown command.
You hit Ijyb.
Ijyb is heavily wounded.
You barely miss the bat. You miss the adder. You barely miss the adder.
The bat hits you but does no damage. The adder bites you but does no damage.
The adder barely misses you. Ijyb hits you with a +3 club.
* * * LOW HITPOINT WARNING * * *
The bat barely misses you. You block the adder's attack.
The adder barely misses you.
You closely miss Ijyb.
Ijyb is heavily wounded.
You miss the adder. You hit the adder but do no damage. You slash the bat!
You kill the bat!
Ijyb hits you with a +3 club.
* * * LOW HITPOINT WARNING * * *
The adder barely misses you. You block the adder's attack.
You block Ijyb's attack.
Your Axes skill increases to level 3!
You barely miss Ijyb.
Ijyb is heavily wounded.
You barely miss the adder. You miss the adder.
The adder bites you but does no damage. The adder bites you.
* * * LOW HITPOINT WARNING * * *
You are lethally poisoned!
The adder poisons you! The adder barely misses you. You block Ijyb's attack.
The adder barely misses you.
You hit Ijyb but do no damage.
Ijyb is heavily wounded.
You completely miss the adder. You closely miss the adder.
You die...

#.#######........# #.#
########.# #.# #.# #.#
#<# #.######## #.#
#........##### #<#####
##..#####.#...# .......
##...# #.#.#.##S......
#.#..# ##.#.#..@S.(...#
.###.####...(#...g......
## ##.....#######....#^#
.###.####....# ....#
..#.....####.# .##.#
.#.####.# # .. ... .#.#
# .. ... .#.# ..# .#
...#


You could see Ijyb and 2 adders.

Vanquished Creatures
  2 dart slugs
  4 endoplasms
  3 giant cockroaches
  3 goblins
  6 hobgoblins
  4 jackals (D:1)
  A quokka (D:1)
  2 ball pythons (D:1)
  8 bats
  2 frilled lizards (D:1)
  7 kobolds
  4 rats (D:1)
46 creatures vanquished.

Notes
Turn   | Place    | Note
-------+----------+-------------------------------------------
     0 | D:1      | thiscave3701365 the Formicid Fighter began the quest for
                  | the Orb.
     0 | D:1      | Reached XP level 1. HP: 18/18 MP: 1/1
   137 | D:1      | Reached XP level 2. HP: 23/24 MP: 2/2
   258 | D:1      | Reached XP level 3. HP: 25/29 MP: 3/3
   343 | D:1      | Found Hyujomof's General Store.
   787 | D:2      | Found a faded altar of an unknown god.
  1003 | D:2      | Reached XP level 4. HP: 37/37 MP: 4/4
  1447 | D:3      | Noticed Ijyb
  1461 | D:3      | Succumbed to an adder's poison

Illustrated notes

Levels and vault maps discovered:
D:1:      moated_graveyard_arrival, layout_rooms, serial_shops, shop,
          minmay_crystal_room, chequers_arboretum, hex_intersection
D:2:      layout_basic, ebering_ecumenical_altar_sacrificial
D:3:      layout_loops_ring, nicolae_tso_swordbearing_angel,
          cheibriados_altar_1, uniq_ijyb

Skill      XL: |  1  2  3  4 |
---------------+-------------+-----
Axes           | 3 |  3.0
Fighting       | |  3.8
Armour         | |  3.8
Dodging        | |  0.3
Shields        | |  3.9

Action                   |  1- 3 |  4- 6 || total
-------------------------+-------+-------++-------
Melee: War axe           |    80 |    24 ||   104
Armor: Scale mail        |    37 |    19 ||    56
Dodge: Dodged            |    40 |    24 ||    64
Block: Buckler           |    22 |    11 ||    33

Table legend: (Time is in decaauts)
 A = Elapsed time spent in this place.
 B = Non-inter-level travel time spent in this place.
 C = Inter-level travel time spent in this place.
 D = Time resting spent in this place.
 E = Time spent auto-exploring this place.
 F = Levels seen in this place.
 G = Mean time per level.
                   A        B        C        D        E       F      G
               +--------+--------+--------+--------+--------+-----+--------+
         Total |   1501 |   1472 |     29 |      0 |   1194 |   3 |  500.3 |
       Dungeon |   1501 |   1472 |     29 |      0 |   1194 |   3 |  500.3 |
               +--------+--------+--------+--------+--------+-----+--------+

Top non-repeatable levels by time:
     D:2: 740 daAuts
     D:1: 689 daAuts
     D:3: 71 daAuts
